[Event "LR Global GM Aspirant-1 2024"]
[Site "Dhaka"]
[Date "2024.02.18"]
[Round "8.5"]
[White "Mayank Chakraborty"]
[Black "Murshed, Niaz"]
[Result "1-0"]
[ECO "E04"]
[WhiteElo "2409"]
[BlackElo "2363"]
[Annotator "TA"]
[PlyCount "67"]
[EventDate "2024.02.12"]
[EventType "tourn"]
[EventCountry "BAN"]
[SourceTitle "playchess.com"]
[Source "ChessBase"]
[SourceQuality "1"]
[TimeControl "5400+30"]

1. d4 Nf6 2. c4 e6 3. g3 Bb4+ 4. Nd2 d5 5. Bg2 O-O 6. Ngf3 dxc4 7. Qc2 Nc6 8. Qxc4 Qd5 9. O-O Bxd2 10. Qxd5 ({Don't play} 10. Nxd2 Qxc4 11. Nxc4 Nxd4 $15) 10... exd5 11. Bxd2 {[%emt 0:00:05] White is slightly better.} Bf5 12. Rfc1 Rfe8 13. b4 (13. e3 $14) 13... Rac8 (13... Rxe2 $11 {keeps the balance.} 14. b5 Nd8) 14. e3 Bd3 15. a4 a6 16. Bh3 Rb8 17. Bf1 $36 {[%emt 0:00:00][%mdl 2048] Keeping Black busy.} Bxf1 18. Kxf1 Rec8 19. b5 axb5 20. axb5 Nd8 21. Ne5 {[%emt 0:00:00] Inhibits Nd7. Black is weak on the dark squares} Kf8 22. Ba5 b6 (22... Ne6 $142) 23. Bb4+ $16 Ke8 24. Ra7 Rb7 25. Ra2 {[%emt 0:00:00] White is much more active.} Rbb8 26. Rac2 Rb7 27. Ra1 {[%emt 0:00:00] Repels Ra7} Rbb8 28. Nd3 Ne6 29. Rac1 ({White should try} 29. Rca2 $16) 29... Ra8 $11 30. Ne5 Ra7 (30... Nd7 $11 {deserves consideration.}) 31. f4 $14 Ne4 32. Nc6 Ra4 33. f5 (33. g4 $14) 33... Nd8 $2 {[%emt 0:03:20] [#]} (33... N6g5 $1 $11 {and Black is okay.}) 34. Ne7 {[%emt 0:00:00] Weighted Error Value: White=0.19 (very precise) /Black=0.31.  Loses game:     	---       	Black=1      Mistake:       	White=3     	Black=3      Inaccurate:     	White=1     	Black=2      OK:         	White=7     	Black=9      Best:        	White=2     	Black=2} 1-0

[Event "LR Global GM Aspirant-1 2024"]
[Site "Dhaka"]
[Date "2024.02.19"]
[Round "9.3"]
[White "Rahman, Ziaur"]
[Black "Aradhya, Garg"]
[Result "1/2-1/2"]
[ECO "B14"]
[WhiteElo "2428"]
[BlackElo "2390"]
[Annotator "TA"]
[PlyCount "86"]
[EventDate "2024.02.12"]
[EventType "tourn"]
[EventCountry "BAN"]
[SourceTitle "playchess.com"]
[Source "ChessBase"]
[SourceQuality "1"]
[TimeControl "5400+30"]

1. Nf3 d5 2. e3 Nf6 3. c4 e6 4. Nc3 c5 5. cxd5 exd5 6. d4 Nc6 7. Bb5 cxd4 8. exd4 Bd6 9. O-O O-O 10. Bg5 Bg4 {[%emt 0:06:20][%cal Bc8g4,Bg4h5,Bh5g6,Bg6f5][%mdl 32] The position is equal.} 11. Bxc6 bxc6 12. h3 Bh5 13. Qd3 Bg6 (13... Rb8 {looks sharper.} 14. Ne5 Rxb2 15. Nxc6 Qa8) 14. Qd2 Re8 15. Rfe1 Qc7 16. Bxf6 gxf6 17. g3 Qd7 18. Kg2 (18. Kh2 {with more complications.} Kg7 19. Nh4 h5 20. Kg2) 18... Bf5 19. Qh6 Bf8 20. Qh4 Bg7 21. Nh2 c5 22. Rad1 (22. Kg1 $11) 22... Rxe1 $15 23. Rxe1 cxd4 24. Qxd4 Bxh3+ 25. Kg1 Be6 26. Nf3 Rd8 27. Qh4 d4 28. Ne4 Qe7 (28... Bxa2 29. Nxf6+ Bxf6 30. Qxf6 $11) 29. Ne5 Bd5 {[%emt 0:16:15] Inhibits Nc6.} (29... Bxa2 $2 30. Nc6 Qe6 31. Nxd8 $18) 30. Nd3 Ba8 31. f3 Qe6 $36 {[%emt 0:01:54][%cal Oe6a6][%mdl 2048] Black is more active.} 32. b3 Qf5 33. Kg2 Rc8 {[%emt 0:02:44] ...Rc2+ is the strong threat.} 34. g4 (34. Re2 $15) 34... Qe6 ({Black should play} 34... Qb5 $17 35. Nec5 Bd5 (35... Rxc5 36. Nxc5 Qxc5 37. Re8+ Bf8 38. Rxa8 $16)) 35. Ndc5 Qd5 (35... Qe7 $5) 36. b4 (36. Nxf6+ $11 Bxf6 37. Qxf6 Qxc5 38. Re5 Qc2+ 39. Kh3) 36... f5 37. gxf5 Qxf5 (37... Qxa2+ 38. Kh1 f6 39. Rg1 (39. Nxf6+ Bxf6 40. Rg1+ Bg7 $17) 39... Bxe4 40. Nxe4 $18) 38. Qg3 Qg6 39. Kf2 d3 {[%emt 0:00:30] White must now prevent ...Bxe4.} 40. Qxg6 hxg6 41. Nxd3 Bd5 42. Re2 Bd4+ {[%emt 0:00:20] A strong pair of Bishops.} 43. Kg3 {[%emt 0:00:46] [#]} a5 {[%emt 0:00:24] Weighted Error Value: White=0.13 (very precise) /Black=0.11 (very precise) .  Mistake:       	White=3     	Black=2      Inaccurate:     	White=2     	Black=3      OK:         	White=10    	Black=14     Best:        	White=4     	Black=2} 1/2-1/2

[Event "LR Global GM Aspirant-1 2024"]
[Site "Dhaka"]
[Date "2024.02.19"]
[Round "9.4"]
[White "Liyanage, Ranindu Dilshan"]
[Black "Siddharth, Jagadeesh"]
[Result "1/2-1/2"]
[ECO "E92"]
[WhiteElo "2366"]
[BlackElo "2457"]
[Annotator "TA"]
[PlyCount "60"]
[EventDate "2024.02.12"]
[EventType "tourn"]
[EventCountry "BAN"]
[SourceTitle "playchess.com"]
[Source "ChessBase"]
[SourceQuality "1"]
[TimeControl "5400+30"]

1. d4 Nf6 2. c4 g6 3. Nc3 Bg7 4. e4 d6 5. Nf3 O-O 6. Be2 e5 7. dxe5 dxe5 8. Qxd8 Rxd8 9. Bg5 Re8 10. Nd5 Nxd5 11. cxd5 c6 12. Bc4 cxd5 13. Bxd5 Na6 14. O-O Nb4 15. Bb3 Be6 16. Bxe6 Rxe6 17. Rfd1 h6 18. Bd2 Nc6 19. Bc3 Nd4 {[%emt 0:00:14] The position is equal.} 20. Nxd4 exd4 21. Bxd4 Rxe4 22. Bxg7 Kxg7 $11 {[%emt 0:00:04][%mdl 4096] Endgame. KRR-KRR} 23. Kf1 {[%emt 0:00:10] Against Re2} Rae8 24. Rd2 R8e7 25. Rc1 b6 26. g3 h5 27. h4 R4e5 28. b3 Re4 29. Rc3 Re1+ 30. Kg2 R1e2 {[%emt 0:00:06] An uneventful encounter.   Weighted Error Value: White=0.03 (flawless) /Black=0.03 (flawless) .  OK:         	White=7     	Black=4} 1/2-1/2

[Event "LR Global GM Aspirant-1 2024"]
[Site "Dhaka"]
[Date "2024.02.19"]
[Round "9.5"]
[White "Panesar Vedant"]
[Black "Mohammad Fahad, Rahman"]
[Result "1/2-1/2"]
[ECO "B45"]
[WhiteElo "2452"]
[BlackElo "2418"]
[Annotator "TA"]
[PlyCount "37"]
[EventDate "2024.02.12"]
[EventType "tourn"]
[EventCountry "BAN"]
[SourceTitle "playchess.com"]
[Source "ChessBase"]
[SourceQuality "1"]
[TimeControl "5400+30"]

1. e4 c5 2. Nf3 Nc6 3. d4 cxd4 4. Nxd4 Nf6 5. Nc3 e6 6. Ndb5 Bc5 7. Nd6+ Ke7 8. Bf4 e5 $1 9. Nf5+ {[%emt 0:00:09] White has an edge.} Kf8 10. Bg5 Bb4 11. Bc4 {[%emt 0:10:17] [#] And now 0-0 would win.} (11. Ne3 {simplifies} Qa5 12. f3 Bxc3+ 13. bxc3 Qxc3+ 14. Kf2) 11... d5 12. exd5 (12. Bxf6 {seems wilder.} Qxf6 13. Qxd5 Bxf5 14. exf5 g6 15. O-O) 12... Bxf5 13. dxc6 Qxd1+ 14. Rxd1 bxc6 (14... Bxc3+ 15. bxc3 bxc6 16. Bd3 Bxd3 17. cxd3 $14) 15. Bd3 Bg4 16. Be2 (16. f3 $14 Be6 17. a3) 16... Bf5 17. Bd3 Bg4 18. Be2 Bf5 19. Bd3 {[%emt 0:00:48] A rather calm draw.   Weighted Error Value: White=0.13 (very precise) /Black=0.03 (flawless) .  Mistake:       	White=1     	---        Inaccurate:     	White=1     	Black=2      OK:         	White=7     	Black=6      Best:        	---       	Black=2      Strong:       	---       	Black=1} 1/2-1/2